 Dungeon Crawl Stone Soup version 0.21.0-24-g2553a33 (webtiles) character file.

130316 komo4ek the Imperceptible (level 16, -7/76 HPs)
             Began as a Spriggan Enchanter on Jan 21, 2018.
             Was the Champion of Ashenzari.
             Killed from afar by Nikola (32 damage)
             ... with a chain lightning
             ... on level 4 of the Swamp.
             The game lasted 03:00:18 (38931 turns).

komo4ek the Imperceptible (Spriggan Enchanter)     Turns: 38931, Time: 03:00:18

Health: -7/76      AC:  7    Str:  2    XL:     16   Next: 52%
Magic:  31/39      EV: 41    Int: 37    God:    Ashenzari [******]
Gold:   611        SH:  4    Dex: 28    Spells: 1/33 levels left

rFire    + . .     SeeInvis +   j - +9 dagger of the Lesser Evil {holy, +Blink Int+6}
rCold    + . .     Gourm    .   (shield restricted)
rNeg     . . .     Faith    .   D - +2 robe {rC+ rF+} (curse)
rPois    .         Spirit   .   (helmet restricted)
rElec    .         Reflect  +   Q - +2 cloak {MR+} (curse)
rCorr    .         Harm     .   (gloves unavailable)
MR       +++..     Clarity  +   (boots unavailable)
Stlth    ++++++++++             e - +4 amulet of reflection
HPRegen  0.22/turn              X - +5 ring of dexterity (curse)
MPRegen  0.26/turn              N - ring "Hepeaj Bage" {MP+9 Str-2 Int+9 SInv Stlth+} (curse)

@: brilliant, very quick
A: very small, unfitting armour, see invisible, herbivore, speed 3, mutation
resistance 1, slow metabolism 2
a: Curse Item, Scrying, Transfer Knowledge, Renounce Religion, Evoke Blink


You were on level 4 of the Swamp.
You worshipped Ashenzari.
Ashenzari was exalted by your worship.
You were not hungry.

You visited 7 branches of the dungeon, and saw 30 of its levels.
You also visited: Ossuary.

You collected 2345 gold pieces.
You spent 1734 gold pieces at shops.

Inventory:

Hand Weapons
 j - the +9 dagger of the Lesser Evil (weapon) {holy, +Blink Int+6}
   (You took it off an orc wizard on level 9 of the Dungeon)

   It has been blessed by the Shining One to cause great damage to the undead
   and demons.
   It affects your intelligence (+6).
   It lets you blink.
 O - a +2 shortbow of velocity
Missiles
 c - 162 arrows
Armour
 w - the cursed +1 robe of Hiro {MR++}
   (You found it on level 15 of the Dungeon)

   It affects your resistance to hostile enchantments.
   It has a curse placed upon it.
 C - a +2 robe of magic resistance
 D - a cursed +2 robe of resistance (worn)
 Q - a cursed +2 cloak of magic resistance (worn)
Jewellery
 e - a +4 amulet of reflection (around neck)
 u - an uncursed ring of resist corrosion
 N - the cursed ring "Hepeaj Bage" (right hand) {MP+9 Str-2 Int+9 SInv Stlth+}
   (You bought it in a shop on level 2 of the Orcish Mines)

   [ring of magical power]

   It affects your strength (-2).
   It affects your intelligence (+9).
   It affects your magic capacity (+9).
   It lets you see invisible.
   It makes you more stealthy.
   It has a curse placed upon it.
 X - a cursed +5 ring of dexterity (left hand)
Wands
 q - a wand of flame (37)
 F - a wand of iceblast (8)
 J - a wand of paralysis (25)
 M - a wand of acid (20)
 T - a wand of scattershot (4)
Scrolls
 f - 11 scrolls of teleportation
 m - 4 scrolls of remove curse
 r - 2 scrolls of magic mapping
 s - 3 scrolls of blinking
 x - 6 scrolls of fog
 y - a scroll of fear {unknown}
 A - 3 scrolls of amnesia
 B - 2 scrolls of enchant weapon
 U - a scroll of holy word
Potions
 g - 9 potions of lignification
 h - 4 potions of haste
 i - 2 potions of might
 k - 5 potions of heal wounds
 l - 4 potions of ambrosia
 n - 2 potions of magic {unknown}
 o - 5 potions of brilliance
 p - a potion of degeneration {unknown}
 t - 10 potions of curing
 v - a potion of cancellation {unknown}
 z - 3 potions of mutation
 E - 2 potions of berserk rage {unknown}
 I - 4 potions of flight {unknown}
 K - a potion of invisibility {unknown}
 Z - a potion of resistance {unknown}
Books
 a - a book of Necromancy

   Spells                             Type                      Level
   a - Pain                           Necromancy                   1
   b - Animate Skeleton               Necromancy                   1
   c - Vampiric Draining              Necromancy                   3
   d - Regeneration                   Charms/Necromancy            3
   e - Animate Dead                   Necromancy                   4
   f - Borgnjor's Vile Clutch         Necromancy/Earth             5
 b - a book of Changes

   Spells                             Type                      Level
   a - Beastly Appendage              Transmutation                1
   b - Sticks to Snakes               Transmutation                2
   c - Spider Form                    Transmutation/Poison         3
   d - Ice Form                       Ice/Transmutation            4
   e - Blade Hands                    Transmutation                5
 H - a book of Conjurations

   Spells                             Type                      Level
   a - Magic Dart                     Conjuration                  1
   b - Searing Ray                    Conjuration                  2
   c - Dazzling Spray                 Conjuration/Hexes            3
   d - Fulminant Prism                Conjuration/Hexes            4
   e - Force Lance                    Conjuration/Translocation    4
   f - Iskenderun's Mystic Blast      Conjuration                  4
 L - a book of Party Tricks

   Spells                             Type                      Level
   a - Summon Butterflies             Summoning                    1
   b - Apportation                    Translocation                1
   c - Lesser Beckoning               Translocation                3
   d - Tukima's Dance                 Hexes                        3
   e - Alistair's Intoxication        Transmutation/Poison         5
   f - Invisibility                   Hexes                        6
 P - a book of Debilitation

   Spells                             Type                      Level
   a - Corona                         Hexes                        1
   b - Slow                           Hexes                        2
   c - Inner Flame                    Hexes/Fire                   3
   d - Portal Projectile              Hexes/Translocation          3
   e - Cause Fear                     Hexes                        4
   f - Leda's Liquefaction            Hexes/Earth                  4
 R - a book of Cantrips

   Spells                             Type                      Level
   a - Confusing Touch                Hexes                        1
   b - Animate Skeleton               Necromancy                   1
   c - Summon Small Mammal            Summoning                    1
   d - Apportation                    Translocation                1
Miscellaneous
 S - a lightning rod (4/4)
 Y - a phantom mirror
Comestibles
 d - 22 rations


   Skills:
 - Level 5.0 Fighting
 + Level 14.9 Short Blades
 + Level 19.5(21.8) Dodging
 - Level 25.0(27) Stealth
 - Level 9.0 Spellcasting
 * Level 11.7(14.4) Hexes
 - Level 1.5(3.5) Evocations


You had one spell level left.
You knew the following spells:

 Your Spells              Type           Power        Failure   Level  Hunger
a - Corona                Hex            #######      0%          1    None
b - Ensorcelled Hibernat  Hex/Ice        ######       1%          2    None
c - Confuse               Hex            #######.     0%          3    None
d - Tukima's Dance        Hex            #######.     0%          3    None
e - Cause Fear            Hex            #######...   1%          4    None
f - Portal Projectile     Hex/Tloc       ######       1%          3    None
g - Fulminant Prism       Conj/Hex       #######...   1%          4    None
h - Regeneration          Chrm/Necr      #####.....   1%          3    None
i - Spider Form           Tmut/Pois      #####.....   1%          3    None
j - Invisibility          Hex            #######.     1%          6    #####..


Dungeon Overview and Level Annotations

Branches:
Dungeon (15/15)            Temple (1/1) D:4            Lair (6/6) D:8
  Swamp (4/4) Lair:2        Snake (1/4) Lair:2        Slime (0/5) Lair:5
    Orc (2/2) D:9             Elf (1/3) Orc:2        Vaults (0/5) D:13
 Depths (0/5) D:15

Altars:
Ashenzari
Dithmenos
Nemelex Xobeh
Okawaru
Qazlal
Ru
Sif Muna
Trog
Uskayaw
Wu Jian
Xom
Beogh
Jiyva

Shops:
D:7 **::   Orc:2 [(=(

Portals:
Trove: D:15 (give 3 potions of resistance)

Annotations:
D:10 2 runed doors
Swamp:1 exclusion: Roxanne, Roxanne
Swamp:4 Nikola
Snake:1 Aizul


Innate Abilities, Weirdness & Mutations

You are very small and have problems with some larger weapons.
You are too small for most types of armour.
You have supernaturally acute eyesight. (SInv)
You are a herbivore.
You cover ground extremely quickly.
You need consume almost no food.
You are somewhat resistant to further mutation.


Message History

Aim: Nikola, wielding a rapier of electrocution, wearing a cloak, wearing a pair of gloves and wearing a notched ruby ring (chance to defeat MR: 9%)
Okay, then.
Unknown command.
Okay, then.
Press: ? - help, . - travel You can't see that place. [some shallow water.] Unknown command.
You feel better.
You feel clever all of a sudden.
Nikola says, "You don't look like a good insulator."
Nikola gestures wildly while chanting.
You hear a mighty clap of thunder!
The lightning arc arcs out of your line of sight!
You hear a mighty clap of thunder!
The lightning arc suddenly appears!
The lightning arc hits Nikola.
The lightning arc hits you!
Ouch! That really hurt!
The lightning arc hits Nikola.
The lightning arc hits you!
You die...

♣≈≈≈♣#*,,,,.....**,≈,***≈≈≈
♣.≈≈♣#*,,,,..!.D#**≈,***,≈≈
♣♣≈..#*,,,,,,,,,***,*≈,≈,,.
♣♣♣.♣#*,,,,,,,***?≈♣**≈,≈,
♣§.♣#**,∆,****♣§.≈♣♣**≈,
♣♣≈≈♣#***** #♣≈...?♣♣≈..
♣♣.≈♣# #♣♣≈≈..≈..≈≈≈≈ ******
♣♣..♣##♣♣≈k.♣..≈.♣.≈≈≈ *,,,≈*
♣♣≈≈@♣≈§≈≈...≈.≈≈...≈ *≈≈,**
♣♣♣≈..≈≈♣.{.≈....§≈≈≈.
*♣≈♣♣♣♣♣♣≈♣♣.....≈.§≈≈≈.§≈≈≈≈≈
*♣≈≈§♣≈.≈≈≈..≈.≈.§≈@≈≈.§≈≈≈≈≈
♣.≈≈.§..≈≈≈≈≈.≈≈≈......≈≈≈[.
♣.≈≈≈♣♣.≈≈≈≈≈≈≈≈≈.♣♣..≈≈≈≈.†
*♣...≈≈≈.≈≈≈≈≈≈≈§.♣♣≈≈§≈≈..♣
♣♣♣♣♣≈..≈≈.≈≈≈≈≈≈≈.♣♣♣♣≈......
♣<.♣.§.....≈≈≈≈..≈♣♣ ♣♣♣.≈.≈≈


You could see Nikola.

Vanquished Creatures
  Saint Roka (Orc:2)
  Frances (Snake:1)
  2 thorn hunters (Swamp:4)
  A frost giant (D:15)
  3 orc warlords
  Nessos (D:12)
  A dire elephant (Lair:6)
  Azrael (D:12)
  An ettin (Orc:1)
  Snorg (Orc:1)
  Josephine (D:12)
  20 hydras
  3 vault guards (D:13)
  2 alligators
  A ghost crab (Swamp:3)
  3 centaur warriors
  5 two-headed ogres
  2 anacondas (Snake:1)
  The ghost of Pawles22 the Skirmisher, a novice DsFi of Cheibriados (D:8)
  2 tengu warriors
  Urug (D:11)
  A naga sharpshooter (Snake:1)
  Nergalle (D:12)
  The ghost of Gorglomux the Covered, a novice DDAE of Makhleb (D:7)
  Sonja (D:13)
  4 skeletal warriors
  4 unseen horrors
  A spriggan druid (Swamp:2)
  A shambling mangrove (Swamp:4)
  8 swamp dragons
  Pikel (D:4)
  A harpy (shapeshifter) (D:13)
  2 orc sorcerers
  An orc knight (D:15)
  A mana viper (Snake:1)
  A wolf spider zombie (D:14)
  2 manticores
  An ugly thing (D:13)
  13 elephants
  7 cyclopes
  4 black mambas
  3 torpor snails
  Joseph (D:8)
  A guardian serpent (Snake:1)
  16 spiny frogs
  A gargoyle (D:12)
  A rime drake (shapeshifter) (D:14)
  10 komodo dragons
  2 freezing wraiths (D:14)
  7 rime drakes
  A yaktaur (D:15)
  A tengu conjurer (D:14)
  4 trolls
  11 polar bears
  9 hornets
  Grinder (D:5)
  3 slime creatures (D:13)
  2 raiju (Lair:6)
  7 blink frogs
  A harpy skeleton (D:15)
  4 dream sheep (Lair:6)
  A bog body (Swamp:2)
  6 hippogriffs
  4 water elementals (D:13)
  Sigmund (D:2)
  2 shadows (D:14)
  4 wraiths
  5 spriggans
  2 vampires
  3 fire elementals (D:12)
  64 yaks
  5 dancing weapons
  A basilisk (Lair:4)
  A hungry ghost (D:9)
  10 vampire mosquitoes
  A hog (shapeshifter) (D:13)
  17 wargs
  3 swamp worms
  A soldier ant (D:15)
  An acid dragon (D:14)
  7 porcupines
  18 hell hounds
  9 water moccasins
  Duvessa (D:5)
  5 swamp drakes
  40 orc warriors
  7 ice beasts
  6 sky beasts
  12 black bears
  An eye of draining (D:12)
  2 necrophages
  A phantom (D:9)
  16 wolves
  A hornet zombie (D:13)
  12 ogres
  12 centaurs
  12 crocodiles
  Blork the orc (D:5)
  24 bullfrogs
  3 wyvern skeletons
  Dowan (D:5)
  A water moccasin zombie (D:6)
  5 scorpions
  10 killer bees
  7 wights
  2 electric eels
  8 howler monkeys
  13 crimson imps
  A centaur zombie (D:8)
  4 quasits
  5 jellies
  A bullfrog zombie (D:13)
  5 hounds
  27 orc priests
  Crazy Yiuf (D:2)
  5 bullfrog skeletons
  6 centaur skeletons
  31 orc wizards
  Ijyb (D:5)
  11 worker ants
  6 iguanas
  6 big kobold zombies (Ossuary)
  2 mummies
  A howler monkey skeleton (D:4)
  A worker ant zombie (D:5)
  14 adders
  5 shadow imps
  2 oozes
  4 adder skeletons
  An adder zombie (D:7)
  2 worms (D:3)
  2 dart slugs (D:3)
  7 leopard geckos
  108 orcs
  5 spectral bats (Ossuary)
  A ball python (D:2)
  5 bats
  3 giant cockroaches
  9 goblins
  9 hobgoblins
  17 jackals
  3 kobolds
  10 quokkas
  5 bat simulacra (Ossuary)
  6 gnoll zombies (Ossuary)
  5 goblin simulacra (Ossuary)
  4 goblin zombies (Ossuary)
  6 hobgoblin zombies (Ossuary)
  A kobold simulacrum (Ossuary)
  6 kobold zombies
  A leopard gecko skeleton (D:5)
  A leopard gecko zombie (D:8)
  3 orc zombies (Ossuary)
  4 rats
  3 rat simulacra (Ossuary)
  4 spectral goblins (Ossuary)
  2 spectral kobolds (Ossuary)
  5 spectral rats (Ossuary)
942 creatures vanquished.

Vanquished Creatures (collateral kills)
  A naga warrior (Snake:1)
  A vault guard (D:13)
  A spriggan (Swamp:1)
  An orc high priest (Orc:2)
  A skeletal warrior (D:15)
  A naga mage (Snake:1)
  A hornet (Swamp:1)
  A hippogriff (D:13)
  A warg (Orc:2)
  3 nagas (Snake:1)
  16 orc warriors
  2 ogres
  A wight (D:4)
  9 orc priests
  5 orc wizards
  21 orcs
66 creatures vanquished.

Vanquished Creatures (others)
  A yak (D:12)
  28 dancing weapons
  A swamp drake (Swamp:4)
  An orc priest (D:5)
  An orc wizard (Orc:1)
  A giant cockroach (D:5)
  17 fulminant prisms
  7 fungi
  9 plants
66 creatures vanquished.

Grand Total: 1074 creatures vanquished

Notes
Turn   | Place    | Note
-------+----------+-------------------------------------------
     0 | D:1      | komo4ek the Spriggan Enchanter began the quest for the Orb.
     0 | D:1      | Reached XP level 1. HP: 9/9 MP: 5/5
   206 | D:1      | Reached XP level 2. HP: 10/13 MP: 5/7
   210 | D:1      | Learned a level 2 spell: Ensorcelled Hibernation
   746 | D:2      | Found a runed door.
   864 | D:2      | Reached skill level 5 in Stealth
   997 | D:2      | Reached XP level 3. HP: 16/16 MP: 5/8
  1210 | D:2      | Reached XP level 4. HP: 21/21 MP: 10/10
  1303 | D:2      | Learned a level 3 spell: Confuse
  1307 | D:2      | Learned a level 3 spell: Tukima's Dance
  1345 | D:2      | Noticed Sigmund
  1356 | D:2      | Killed Sigmund
  1356 | D:2      | Reached skill level 6 in Stealth
  1356 | D:2      | Reached skill level 5 in Hexes
  1356 | D:2      | Reached XP level 5. HP: 24/24 MP: 4/13
  1771 | D:2      | Noticed Crazy Yiuf
  1775 | D:2      | Killed Crazy Yiuf
  1775 | D:2      | Reached skill level 7 in Stealth
  1775 | D:2      | Reached skill level 5 in Spellcasting
  1775 | D:2      | Reached XP level 6. HP: 28/28 MP: 14/14
  2998 | D:4      | Found a staircase to the Ecumenical Temple.
  3019 | D:4      | Reached skill level 8 in Stealth
  3019 | D:4      | Reached XP level 7. HP: 32/32 MP: 12/16
  3024 | Temple   | Entered the Ecumenical Temple
  3065 | Temple   | Became a worshipper of Ashenzari the Shackled
  3684 | D:4      | Reached skill level 9 in Stealth
  4270 | D:5      | Entered Level 5 of the Dungeon
  4306 | D:5      | Found a stormy altar of Qazlal.
  4337 | D:5      | Noticed Blork the orc
  4376 | D:5      | Reached skill level 10 in Stealth
  4636 | D:5      | Noticed Grinder
  4642 | D:5      | Killed Grinder
  4642 | D:5      | Reached skill level 11 in Stealth
  4642 | D:5      | Reached XP level 8. HP: 36/36 MP: 14/18
  4647 | D:5      | Noticed Ijyb
  4669 | D:5      | Killed Ijyb
  4690 | D:5      | Noticed Duvessa
  4834 | D:5      | Reached skill level 12 in Stealth
  4882 | D:5      | Killed Blork the orc
  5167 | D:5      | Noticed Dowan
  5239 | D:5      | Reached skill level 13 in Stealth
  5242 | D:5      | Noticed Pikel
  5907 | D:4      | Killed Pikel
  5907 | D:4      | Reached skill level 14 in Stealth
  5907 | D:4      | Reached XP level 9. HP: 33/39 MP: 2/19
  5996 | D:5      | Reached skill level 15 in Stealth
  6244 | D:5      | Reached skill level 16 in Stealth
  6284 | D:5      | Killed Dowan
  6372 | D:5      | Killed Duvessa
  6867 | D:6      | Found a sand-covered staircase.
  6970 | Ossuary  | Entered an ossuary
  6970 | Ossuary  | Reached * piety under Ashenzari
  7718 | D:6      | Reached skill level 17 in Stealth
  8523 | D:6      | Reached skill level 18 in Stealth
  9496 | D:7      | Reached XP level 10. HP: 40/44 MP: 4/20
  9682 | D:7      | Found Uzebamumm's Assorted Antiques.
  9706 | D:7      | Found Xusapeqa's Assorted Antiques.
  9935 | D:7      | Noticed Gorglomux's ghost (novice DDAE)
  9968 | D:7      | Killed Gorglomux's ghost
  9968 | D:7      | Reached skill level 1 in Fighting
 10095 | D:7      | Found Inkoig's Book Emporium.
 10210 | D:7      | Found an ornate altar of the Wu Jian Council.
 10285 | D:7      | Found Nausm's Book Boutique.
 10394 | D:8      | Reached ** piety under Ashenzari
 10695 | D:8      | Found a staircase to the Lair.
 10695 | D:8      | Noticed Pawles22's ghost (novice DsFi)
 10710 | D:8      | Reached skill level 5 in Dodging
 10764 | D:8      | Killed Pawles22's ghost
 10881 | D:8      | Noticed Joseph
 10892 | D:8      | Killed Joseph
 11599 | D:9      | Found a bloodstained altar of Trog.
 11600 | D:9      | Found a sacrificial altar of Ru.
 11600 | D:9      | Found a deep blue altar of Sif Muna.
 11602 | D:9      | Found a sparkling altar of Nemelex Xobeh.
 11603 | D:9      | Found a hide-covered altar of Uskayaw.
 11604 | D:9      | Found a shadowy altar of Dithmenos.
 12141 | D:9      | Reached XP level 11. HP: 52/52 MP: 12/24
 12584 | D:9      | Reached skill level 19 in Stealth
 12799 | D:9      | Noticed a two-headed ogre
 12831 | D:9      | Killed a two-headed ogre
 13216 | D:9      | Noticed a two-headed ogre
 13222 | D:9      | Killed a two-headed ogre
 13337 | D:9      | Noticed a two-headed ogre
 13344 | D:9      | Killed a two-headed ogre
 13706 | D:9      | Found a staircase to the Orcish Mines.
 13726 | D:9      | Got the dagger of the Lesser Evil {holy, +Blink Int+6}
 13730 | D:9      | Identified the +9 dagger of the Lesser Evil {holy, +Blink Int+6} (You took it off an orc wizard on level 9 of the Dungeon)
 13785 | D:10     | Entered Level 10 of the Dungeon
 14049 | D:10     | Noticed an unseen horror
 14056 | D:10     | Killed an unseen horror
 14438 | D:10     | Found a runed door.
 14438 | D:10     | Found a runed door.
 14438 | D:10     | Noticed an ice dragon
 14438 | D:10     | Noticed a fire dragon
 14438 | D:10     | Noticed a fire dragon
 14439 | D:10     | Found the +2 shield of Resistance {rF+ rC+ MR+}
 14444 | D:10     | Noticed an ice dragon
 14700 | D:10     | Reached skill level 5 in Short Blades
 15271 | D:11     | Reached skill level 10 in Dodging
 15428 | D:11     | Found a shattered altar of Ashenzari.
 15548 | D:11     | Noticed an eight-headed hydra
 15548 | D:11     | Noticed an unseen horror
 15642 | D:11     | Killed an eight-headed hydra
 15642 | D:11     | Reached skill level 20 in Stealth
 15675 | D:11     | Killed an unseen horror
 15876 | D:11     | Noticed a two-headed ogre
 15901 | D:11     | Killed a two-headed ogre
 15901 | D:11     | Reached XP level 12. HP: 58/58 MP: 15/26
 15960 | D:11     | Noticed Urug
 15962 | D:11     | Reached *** piety under Ashenzari
 15967 | D:11     | Killed Urug
 16579 | D:7      | Bought a book of Debilitation for 520 gold pieces
 16584 | D:7      | Learned a level 4 spell: Cause Fear
 16588 | D:7      | Learned a level 3 spell: Portal Projectile
 16741 | D:12     | Noticed Josephine
 16776 | D:12     | Noticed Nessos
 16784 | D:12     | Killed Nessos
 16784 | D:12     | Reached skill level 5 in Fighting
 16976 | D:12     | Killed Josephine
 17112 | D:12     | Noticed Nergalle
 17128 | D:12     | Killed Nergalle
 17212 | D:12     | Found a bloodstained altar of Trog.
 17377 | D:12     | Noticed Azrael
 17496 | D:12     | Killed Azrael
 17496 | D:12     | Reached skill level 21 in Stealth
 18035 | Lair:1   | Entered Level 1 of the Lair of Beasts
 18042 | Lair:1   | Identified the +2 leather armour "Bukok" {MR- rCorr Str+2 SInv}
 18427 | Lair:1   | Got the dagger of Disintegration {speed, Str+3 Stlth+}
 18433 | Lair:1   | Identified the +7 dagger of Disintegration {speed, Str+3 Stlth+} (You found it on level 1 of the Lair of Beasts)
 18499 | Lair:1   | Reached XP level 13. HP: 44/63 MP: 12/27
 19629 | Lair:2   | Found a staircase to the Swamp.
 20069 | Lair:2   | Reached **** piety under Ashenzari
 20088 | Lair:2   | Found a staircase to the Snake Pit.
 20935 | Lair:3   | Found a dark tunnel.
 21148 | Lair:3   | Reached skill level 22 in Stealth
 21299 | Lair:3   | Reached skill level 10 in Short Blades
 21299 | Lair:3   | Reached skill level 1 in Evocations
 22240 | Lair:4   | Identified the cursed +0 robe of Qioh {Str+3}
 22594 | Lair:4   | Reached ***** piety under Ashenzari
 23278 | Lair:5   | Found an iron altar of Okawaru.
 23327 | Lair:5   | Reached XP level 14. HP: 68/68 MP: 21/28
 23428 | Lair:5   | Learned a level 4 spell: Fulminant Prism
 23471 | Lair:5   | Found a viscous altar of Jiyva.
 23472 | Lair:5   | Found a staircase to the Slime Pits.
 23753 | Lair:6   | Entered Level 6 of the Lair of Beasts
 23770 | Lair:6   | Reached skill level 15 in Dodging
 24335 | Lair:6   | Learned a level 3 spell: Regeneration
 24838 | Lair:6   | Reached skill level 23 in Stealth
 26977 | Orc:1    | Entered Level 1 of the Orcish Mines
 27097 | Orc:1    | Noticed an orc warlord
 27103 | Orc:2    | Entered Level 2 of the Orcish Mines
 27661 | D:9      | Killed an orc warlord
 27835 | Orc:1    | Noticed Snorg
 27842 | Orc:1    | Killed Snorg
 28180 | Orc:2    | Noticed an orc warlord
 29284 | Orc:2    | Found a staircase to the Elven Halls.
 29310 | Orc:2    | Killed an orc warlord
 29420 | Orc:2    | Found a roughly hewn altar of Beogh.
 29460 | Orc:2    | Found Foad Sauca's Jewellery Shop.
 29466 | Orc:2    | Bought the ring "Hepeaj Bage" {MP+9 Str-2 Int+9 SInv Stlth+} for 827 gold pieces
 29680 | Orc:2    | Reached ****** piety under Ashenzari
 29852 | Orc:2    | Found a roughly hewn altar of Beogh.
 29858 | Orc:2    | Found Linn's Weapon Shoppe.
 30105 | Orc:2    | Noticed an orc warlord
 30157 | Orc:2    | Found a roughly hewn altar of Beogh.
 30379 | Orc:2    | Reached XP level 15. HP: 72/72 MP: 29/29
 30462 | Orc:2    | Killed an orc warlord
 30590 | Orc:2    | Found a roughly hewn altar of Beogh.
 30717 | Orc:2    | Found a roughly hewn altar of Beogh.
 30824 | Orc:2    | Noticed Saint Roka
 30952 | Orc:2    | Killed Saint Roka
 30952 | Orc:2    | Reached skill level 24 in Stealth
 31120 | Orc:2    | Found a roughly hewn altar of Beogh.
 31120 | Orc:2    | Found Fyseniop's Antique Weapon Shop.
 31131 | Orc:2    | Found Ucrosex's Antique Armour Boutique.
 31137 | Orc:2    | Bought an embroidered cloak for 180 gold pieces
 31143 | Orc:2    | Bought a twisted rapier for 207 gold pieces
 31359 | Orc:2    | Identified the +6 rapier "Raeleh" {elec, MR+} (You bought it in a shop on level 2 of the Orcish Mines)
 31500 | Snake:1  | Entered Level 1 of the Snake Pit
 31716 | Snake:1  | Noticed Frances
 32371 | D:13     | Noticed Sonja
 32378 | D:13     | Killed Sonja
 32686 | D:13     | Found a gate to the Vaults.
 33179 | D:13     | Noticed a frost giant
 33359 | D:13     | Noticed a shadow dragon
 33669 | D:14     | Found a sacrificial altar of Ru.
 33923 | D:14     | Learned a level 3 spell: Spider Form
 34348 | D:15     | Entered Level 15 of the Dungeon
 34432 | D:15     | Identified the cursed +1 robe of Hiro {MR++}
 34860 | D:15     | Noticed a frost giant
 34877 | D:15     | Killed a frost giant
 34903 | D:15     | Found a staircase to the Depths.
 34963 | D:15     | Found a portal to a secret trove of treasure.
 35293 | D:15     | Reached skill level 25 in Stealth
 35849 | Snake:1  | Killed Frances
 35985 | Snake:1  | Noticed Aizul
 36231 | Elf:1    | Entered Level 1 of the Elven Halls
 36374 | Swamp:1  | Entered Level 1 of the Swamp
 36379 | Swamp:1  | Reached XP level 16. HP: 74/76 MP: 30/30
 36866 | Lair:2   | Learned a level 6 spell: Invisibility
 37363 | Swamp:1  | Noticed Roxanne
 37507 | Swamp:2  | Reached skill level 10 in Hexes
 37528 | Swamp:2  | Lost strength.
 37528 | Swamp:2  | Gained mutation: You are weak. (Str -2) [mutagenic glow]
 37946 | Swamp:4  | Entered Level 4 of the Swamp
 37957 | Swamp:4  | Noticed a thorn hunter
 38002 | Swamp:4  | Noticed a thorn hunter
 38007 | Swamp:4  | Lost mutation: You are weak. (Str -2) [potion of mutation]
 38007 | Swamp:4  | Gained mutation: You are somewhat resistant to further mutation. [potion of mutation]
 38122 | Swamp:4  | Killed a thorn hunter
 38728 | Swamp:4  | Killed a thorn hunter
 38921 | Swamp:4  | Noticed Nikola
 38931 | Swamp:4  | Killed from afar by Nikola

Skill      XL: |  1  2  3  4  5  6  7  8  9 10 11 12 13 14 15 16 |
---------------+-------------------------------------------------+-----
Spellcasting   | 3 4 5 6 8 9 |  9.0
Hexes          | 4 5 6 7 8 9 11 | 11.7
Stealth        | 5 6 7 8 11 14 18 20 21 22 23 25 | 25.0
Fighting       | 3 4 5 |  5.0
Short Blades   | 4 6 8 10 12 14 | 14.9
Dodging        | 7 10 12 14 17 18 19 | 19.5
Evocations     | 1 |  1.5

Action                   |  1- 3 |  4- 6 |  7- 9 | 10-12 | 13-15 | 16-18 || total
-------------------------+-------+-------+-------+-------+-------+-------++-------
Melee: Dagger            |    44 |    66 |    50 |   222 |  1020 |   182 ||  1584
       Rapier            |       |       |   490 |   227 |       |       ||   717
 Cast: Corona            |     4 |       |       |       |       |       ||     4
       Ensorcelled Hiber |    10 |    38 |    85 |   154 |   324 |       ||   611
       Tukima's Dance    |       |       |    35 |    32 |   121 |     5 ||   193
       Confuse           |       |       |    52 |    89 |   208 |    95 ||   444
       Portal Projectile |       |       |       |     1 |     1 |       ||     2
       Fulminant Prism   |       |       |       |       |    16 |     2 ||    18
       Cause Fear        |       |       |       |       |     6 |     1 ||     7
       Regeneration      |       |       |       |       |     4 |     1 ||     5
       Spider Form       |       |       |       |       |     1 |       ||     1
       Invisibility      |       |       |       |       |       |     3 ||     3
Invok: Curse Item        |       |       |     2 |     1 |     4 |       ||     7
Evoke: Wand              |       |       |     6 |     3 |     6 |       ||    15
  Use: Scroll            |       |       |       |    16 |    10 |     4 ||    30
       Potion            |       |       |       |     2 |     1 |    13 ||    16
 Stab: Sleeping          |    12 |    41 |    57 |   125 |   242 |     9 ||   486
       Confused          |       |       |    19 |    54 |   116 |    36 ||   225
       Distracted        |       |       |     2 |     2 |    10 |       ||    14
       Paralysed         |       |       |       |     1 |       |       ||     1
       Invisible         |       |       |       |       |       |     1 ||     1
  Eat: Ration            |       |       |     6 |     6 |     9 |     2 ||    23
Armor: Robe              |     2 |     5 |    49 |    17 |    26 |     6 ||   105
Dodge: Dodged            |    31 |    30 |   337 |   213 |   757 |   179 ||  1547
Block: Other             |       |       |       |     9 |   128 |    33 ||   170
       Reflection        |       |       |       |       |     5 |     3 ||     8
